 Dungeon Crawl Stone Soup version 0.21.1-1-g345015f (webtiles) character file.

9798 HammerPanzer the Basher (level 11, -4/92 HPs)
             Began as a Demonspawn Berserker on Apr 3, 2018.
             Was a High Priest of Trog.
             Slain by an unseen horror (6 damage)
             ... on level 10 of the Dungeon.
             The game lasted 00:24:36 (7873 turns).

HammerPanzer the Basher (Demonspawn Berserker)      Turns: 7873, Time: 00:24:36

Health: -4/92      AC: 15    Str: 20    XL:     11   Next: 27%
Magic:  11/11      EV:  8    Int: 10    God:    Trog [*****.]
Gold:   561        SH:  0    Dex: 18    Spells: 10/10 levels left

rFire    . . .     SeeInvis .   j - +3 flail (flame)
rCold    + . .     Gourm    .   (no shield)
rNeg     . . .     Faith    +   D - +0 plate armour
rPois    .         Spirit   .   x - +0 hat
rElec    +         Reflect  .   I - +0 cloak
rCorr    .         Harm     .   (no gloves)
MR       .....                  (no boots)
Stlth    ..........             h - amulet "Vyul" {Faith Dex+3}
HPRegen  0.25/turn              f - +2 ring of evasion
MPRegen  0.12/turn              o - +3 ring of dexterity

@: berserk cooldown, slowed, very slow
A: talons 2, thin metallic scales 3, cold resistance 1, powered by pain 1
a: Berserk, Trog's Hand, Brothers in Arms, Burn Spellbooks, Renounce Religion


You were on level 10 of the Dungeon.
You worshipped Trog.
Trog was extremely pleased with you.
You were very hungry.

You visited 1 branch of the dungeon, and saw 10 of its levels.
You also visited: Ossuary.

You collected 561 gold pieces.

Inventory:

Hand Weapons
 j - a +3 flail of flaming (weapon)
Armour
 x - a +0 hat (worn)
 D - a +0 plate armour (worn)
 I - a +0 cloak (worn)
Jewellery
 f - a +2 ring of evasion (left hand)
 h - the amulet "Vyul" (around neck) {Faith Dex+3}
   (You found it on level 7 of the Dungeon)

   [amulet of faith]

   It allows you to gain divine favour quickly.
   It affects your dexterity (+3).
 i - an uncursed ring of flight
 k - an uncursed ring of protection from fire {unknown}
 m - an uncursed ring of stealth {unknown}
 n - a +4 amulet of reflection
 o - a +3 ring of dexterity (right hand)
 G - a +3 amulet of reflection
 H - a cursed ring of loudness {unknown}
Wands
 p - a wand of flame (56)
 E - a wand of digging (8)
 F - a wand of disintegration (9)
Scrolls
 g - 6 scrolls of identify
 l - 3 scrolls of enchant weapon
 t - 6 scrolls of teleportation
 u - 5 scrolls of remove curse
 w - a scroll of magic mapping
 y - 2 scrolls of enchant armour
 B - 2 scrolls of fear
Potions
 a - 2 potions of might
 b - a potion of cancellation {unknown}
 d - 3 potions of flight
 e - 2 potions of haste
 q - 3 potions of agility
 s - 2 potions of brilliance
 v - a potion of curing
 z - 2 potions of mutation
 A - a potion of resistance
 C - 4 potions of lignification {unknown}
 J - 2 potions of ambrosia {unknown}
Comestibles
 c - 9 rations
 r - 3 chunks of flesh


   Skills:
 + Level 10.6 Fighting
 * Level 13.2 Maces & Flails
 - Level 1.7 Armour
 - Level 1.7 Dodging


You had 10 spell levels left.
You didn't know any spells.

Dungeon Overview and Level Annotations

Branches:
Dungeon (10/15)            Temple (0/1) D:4            Lair (0/6) D:9
    Orc (0/2) D:9

Altars:
Cheibriados
Kikubaaqudgha
Makhleb
Qazlal
Ru
Sif Muna
Trog
Vehumet
Xom
Yredelemnul

Shops:
D:4 (


Innate Abilities, Weirdness & Mutations

You have razor-sharp toenails.
You are completely covered in thin metallic scales. (AC +4, rElec)
Your flesh is cold resistant. (rC+)
You sometimes gain a little power by taking damage.


Message History

Something hits you.
* * * LOW HITPOINT WARNING * * *
Something hits you but does no damage.
There is an open door here.
You feel your anger nearly subside. Something hits you but does no damage.
You are no longer berserk.
You are exhausted.
You feel yourself slow down.
Something hits you but does no damage. x2
Something hits you!
* * * LOW HITPOINT WARNING * * *
Something hits you but does no damage. x2
There is an open door here.
Something hits you.
* * * LOW HITPOINT WARNING * * *
Something hits you but does no damage. Something hits you.
* * * LOW HITPOINT WARNING * * *
Something hits you.
You die...

#+ #. #.## #..# ########+###
#########'## ####..........#
#..........####<.'..........+
#.<........'...@##..........#
#$.........#######..........#
#>.........# #..........#
#..........# #..........#
#..........# #..........#
#######+#### ###†######## #.#
##'###### #.......# ##


There were no monsters in sight!

Vanquished Creatures
  The ghost of Alarion00 the Cleaver, a novice HOFi (D:6)
  A wolf spider zombie (D:9)
  Psyche (D:8)
  Joseph (D:8)
  The ghost of Exporg the Ruffian, an amateur TrCK of Xom (D:4)
  2 hellwings (D:9)
  2 hippogriffs (D:9)
  9 yaks
  Grum (D:8)
  4 porcupines (D:9)
  2 ice beasts
  3 orc warriors
  A necrophage (D:10)
  2 wolves (D:8)
  A phantom (D:8)
  5 ogres
  A centaur (D:8)
  4 crocodiles (D:9)
  3 bullfrogs
  2 wyvern zombies
  A wyvern skeleton (D:9)
  2 scorpions
  A water moccasin skeleton (D:7)
  4 crimson imps
  5 bullfrog zombies
  4 centaur zombies
  4 bullfrog skeletons
  5 hounds
  3 jellies
  A centaur skeleton (D:7)
  5 orc priests
  9 orc wizards
  Jessica (D:8)
  Natasha (thrice) (D:2)
  Terence (D:2)
  7 iguanas
  5 worker ants
  2 killer bee zombies
  4 hound zombies
  2 hound skeletons
  17 mummies
  5 worker ant zombies
  Robin (D:2)
  A howler monkey skeleton (D:5)
  3 howler monkey zombies
  10 adders
  6 shadow imps
  2 oozes (D:4)
  4 adder zombies
  An adder skeleton (D:6)
  3 worms
  4 dart slugs
  A leopard gecko (D:7)
  13 orcs
  2 ball pythons
  6 bats
  5 giant cockroaches
  18 goblins
  9 hobgoblins
  6 jackals
  3 quokkas
  6 frilled lizards
  A giant cockroach zombie (Ossuary)
  A jackal skeleton (D:5)
  4 kobolds
  A leopard gecko zombie (D:5)
  6 rats
255 creatures vanquished.

Vanquished Creatures (others)
  An orc wizard (D:5)
  2 withered plants
3 creatures vanquished.

Grand Total: 258 creatures vanquished

Notes
Turn   | Place    | Note
-------+----------+-------------------------------------------
     0 | D:1      | HammerPanzer the Demonspawn Berserker began the quest for the Orb.
     0 | D:1      | Reached XP level 1. HP: 18/18 MP: 1/1
   122 | D:1      | Reached skill level 3 in Maces & Flails
   122 | D:1      | Gained mutation: You are partially covered in thin metallic scales. (AC +2) [demonic ancestry]
   122 | D:1      | Reached XP level 2. HP: 19/24 MP: 2/2
   654 | D:1      | You fall through a shaft!
   655 | D:2      | Noticed Natasha
   662 | D:2      | Killed Natasha
   662 | D:2      | Gained mutation: You are mostly covered in thin metallic scales. (AC +3) [demonic ancestry]
   662 | D:2      | Reached XP level 3. HP: 29/29 MP: 3/3
   667 | D:2      | Reached ** piety under Trog
   901 | D:2      | Noticed Natasha
   906 | D:2      | Killed Natasha
   906 | D:2      | Reached skill level 4 in Maces & Flails
   906 | D:2      | Gained mutation: Your flesh is cold resistant. (rC+) [demonic ancestry]
   906 | D:2      | Reached XP level 4. HP: 30/37 MP: 4/4
  1304 | D:2      | Found a burning altar of Makhleb.
  1499 | D:2      | Gained mutation: You sometimes gain a little power by taking damage. [demonic ancestry]
  1499 | D:2      | Reached XP level 5. HP: 39/42 MP: 5/5
  1535 | D:2      | Noticed Terence
  1541 | D:2      | Killed Terence
  1612 | D:2      | Noticed Robin
  1628 | D:2      | Killed Robin
  1629 | D:2      | Noticed Natasha
  1648 | D:2      | Killed Natasha
  1648 | D:2      | Reached skill level 5 in Maces & Flails
  2154 | D:3      | Reached *** piety under Trog
  2271 | D:3      | Gained mutation: You have sharp toenails. [demonic ancestry]
  2271 | D:3      | Reached XP level 6. HP: 38/49 MP: 6/6
  2534 | D:4      | Found a sacrificial altar of Ru.
  2582 | D:4      | Found a staircase to the Ecumenical Temple.
  2881 | D:4      | Found Cufush's Antique Weapon Emporium.
  2899 | D:4      | Noticed Exporg's ghost (amateur TrCK)
  2908 | D:4      | Killed Exporg's ghost
  2908 | D:4      | Reached skill level 5 in Fighting
  2908 | D:4      | Reached skill level 6 in Maces & Flails
  2908 | D:4      | Gained mutation: You are completely covered in thin metallic scales. (AC +4, rElec) [demonic ancestry]
  2908 | D:4      | Reached XP level 7. HP: 56/56 MP: 7/7
  3080 | D:5      | Entered Level 5 of the Dungeon
  3110 | D:5      | Found a sacrificial altar of Ru.
  3144 | D:5      | Reached skill level 7 in Maces & Flails
  3195 | D:5      | Found a sand-covered staircase.
  3201 | Ossuary  | Entered an ossuary
  3248 | Ossuary  | Reached XP level 8. HP: 64/64 MP: 8/8
  3365 | Ossuary  | Reached skill level 8 in Maces & Flails
  3580 | D:5      | Reached skill level 9 in Maces & Flails
  4023 | D:6      | Reached **** piety under Trog
  4030 | D:6      | Reached XP level 9. HP: 69/72 MP: 9/9
  4226 | D:6      | Noticed Alarion00's ghost (novice HOFi)
  4242 | D:6      | Killed Alarion00's ghost
  4242 | D:6      | Reached skill level 10 in Maces & Flails
  4662 | D:7      | Got a shimmering jade amulet
  4925 | D:7      | Found a bloodstained altar of Trog.
  5322 | D:7      | Identified the amulet "Vyul" {Faith Dex+3} (You found it on level 7 of the Dungeon)
  5340 | D:8      | Found a radiant altar of Vehumet.
  5416 | D:8      | Noticed Joseph
  5436 | D:8      | Killed Joseph
  5436 | D:8      | Reached skill level 11 in Maces & Flails
  5570 | D:8      | Found a basalt altar of Yredelemnul.
  5657 | D:8      | Noticed Jessica
  5668 | D:8      | Killed Jessica
  5682 | D:8      | Found a deep blue altar of Sif Muna.
  5710 | D:8      | Noticed Grum
  5721 | D:8      | Killed Grum
  5721 | D:8      | Reached XP level 10. HP: 50/82 MP: 10/10
  6032 | D:8      | Noticed Psyche
  6041 | D:8      | Killed Psyche
  6173 | D:8      | Found a stormy altar of Qazlal.
  6181 | D:8      | Found an ancient bone altar of Kikubaaqudgha.
  6193 | D:8      | Found a shimmering altar of Xom.
  6198 | D:8      | Found a snail-covered altar of Cheibriados.
  6391 | D:9      | Reached skill level 12 in Maces & Flails
  6393 | D:9      | Found a staircase to the Lair.
  6394 | D:9      | Reached ***** piety under Trog
  6840 | D:9      | Reached skill level 10 in Fighting
  6849 | D:9      | Received a gift from Trog
  6861 | D:9      | Gained mutation: You have razor-sharp toenails. [demonic ancestry]
  6861 | D:9      | Reached XP level 11. HP: 91/91 MP: 11/11
  7391 | D:9      | Found a staircase to the Orcish Mines.
  7581 | D:10     | Entered Level 10 of the Dungeon
  7597 | D:10     | Reached skill level 13 in Maces & Flails
  7870 | D:10     | HP: 2/92 [something (5)]
  7873 | D:10     | Slain by an unseen horror

Skill      XL: |  1  2  3  4  5  6  7  8  9 10 11 |
---------------+----------------------------------+-----
Maces & Flails | 3 4 5 6 7 9 11 12 13 | 13.2
Fighting       | 4 5 6 7 8 10 | 10.6
Armour         | |  1.7
Dodging        | |  1.7

Action                   |  1- 3 |  4- 6 |  7- 9 | 10-12 || total
-------------------------+-------+-------+-------+-------++-------
Melee: Mace              |    84 |       |       |       ||    84
       Flail             |     5 |   225 |   312 |   225 ||   767
       Kick              |       |    10 |   118 |   103 ||   231
Invok: Berserk           |     1 |     2 |     4 |     3 ||    10
       Burn Spellbooks   |       |       |     1 |       ||     1
  Use: Scroll            |       |    14 |    13 |     1 ||    28
       Potion            |       |       |       |     3 ||     3
  Eat: Chunk             |     1 |     8 |    13 |    10 ||    32
Armor: Animal skin       |    18 |     2 |       |       ||    20
       Chain mail        |       |   150 |   152 |    19 ||   321
       Plate armour      |       |       |       |   157 ||   157
Dodge: Dodged            |    62 |   133 |   107 |    98 ||   400
Block: Other             |       |     7 |    45 |       ||    52
